cohdb
Replays
Latest Replays
All Replays
Popular Replays
Top Player Replays
Match Explorer
How It Works
Community
CoH3 Stats
Reddit
Sign in to upload your games and track your stats! →
Sign in with Steam
Match 43882391
Unlisted
Match 43882391
Overview
Messages
Build Orders
End
Scout Squad
Engineer Squad
Selects Advanced Infantry Battlegroup
Engineer Squad
Construct Weapon Support Center
M1919 Machine Gun Team
M1919 Machine Gun Team
Infantry Support Center
Selects Ammunition Storage
M3 Armored Personnel Carrier
Engineer Squad
M3 Armored Personnel Carrier
M1919 Machine Gun Team
Selects M2A1 105mm Howitzer Emplacement
Construct Medical Station
M1919 Machine Gun Team
Selects Convert to Ranger Squad
Selects Designate Assault Position
M1919 Machine Gun Team
Skeng.Tecnica.International
*Mule
0
0
Comments
sign in to comment!
No comments posted yet!